 Dungeon Sprint DCSS version 0.24.0-41-g2ae2f7f1be (webtiles) character file.

Game seed: 15012403400472241982, levelgen mode: deterministic

357 McKennaii the Slasher (level 6, -1/53 HPs)
             Began as a Demonspawn Fighter on Dec 10, 2019.
             Was a Believer of Makhleb.
             Slain by a five-headed hydra (14 damage)
             ... in the Dungeon (Sprint IX: "|||||||||||||||||||||||||||||").
             The game lasted 00:02:23 (544 turns).

McKennaii the Slasher (Demonspawn Fighter)           Turns: 544, Time: 00:02:23

Health: -1/53      AC:  9    Str: 23    XL:     6   Next: 36%
Magic:  6/6        EV: 10    Int: 12    God:    Makhleb [**....]
Gold:   0          SH: 11    Dex: 16    Spells: 5/5 levels left

rFire    . . .     SeeInvis .   p - +2 scimitar (flame)
rCold    . . .     Gourm    .   c - +0 shield
rNeg     . . .     Faith    .   b - +0 scale mail
rPois    .         Spirit   .   (no helmet)
rElec    .         Reflect  .   a - +0 cloak
rCorr    .         Harm     .   (no gloves)
MR       .....     NoTele   +   (no boots)
Stlth    ..........             (no amulet)
HPRegen  0.17/turn              q - +3 ring of dexterity
MPRegen  0.10/turn              r - +3 ring of intelligence

@: mighty
A: hooves 2, demonic guardian 1
a: Minor Destruction, Renounce Religion


You were in the Dungeon.
You worshipped Makhleb.
Makhleb was pleased with you.
You were not hungry.

You visited 1 branch

Inventory:

Hand Weapons
 p - a +2 scimitar of flaming (weapon)
Armour
 a - a +0 cloak (worn)
 b - a +0 scale mail (worn)
 c - a +0 shield (worn)
Jewellery
 q - a +3 ring of dexterity (left hand)
 r - a +3 ring of intelligence (right hand)
Wands
 o - a wand of acid (9)
Scrolls
 k - 2 scrolls of blinking
 m - 3 scrolls of remove curse
 n - 2 scrolls of amnesia
Potions
 e - a potion of invisibility
 g - 3 potions of heal wounds
 h - a potion of haste
 i - 4 potions of magic
 j - a potion of berserk rage
 l - 4 potions of curing
Comestibles
 f - a ration


   Skills:
 + Level 6.4 Fighting
 * Level 7.2 Long Blades
 + Level 6.7 Armour
 + Level 2.9 Dodging
 + Level 6.2 Shields
 + Level 0.4 Evocations


You had 5 spell levels left.
You didn't know any spells.
Your spell library was empty.

Dungeon Overview and Level Annotations

Branches:
Dungeon (1/1)

Altars:
Cheibriados
Dithmenos
Elyvilon
Fedhas
Gozag
Hepliaklqana
Kikubaaqudgha
Makhleb
Nemelex Xobeh
Okawaru
Qazlal
Ru
Sif Muna
Trog
Uskayaw
Vehumet
Wu Jian
Xom
Yredelemnul
Zin
The Shining One
Beogh
Jiyva
Lugonu


Innate Abilities, Weirdness & Mutations

You have hoof-like feet.
A weak demonic guardian rushes to your aid.


Message History

You block the six-headed hydra's attack.
The six-headed hydra bites you but does no damage.
You block the six-headed hydra's attack.
The six-headed hydra bites you. The six-headed hydra barely misses you.
Okay, then.
You feel very mighty all of a sudden.
You block the six-headed hydra's attack.
The six-headed hydra bites you.
* * * LOW HITPOINT WARNING * * *
The six-headed hydra bites you but does no damage.
The six-headed hydra bites you.
* * * LOW HITPOINT WARNING * * *
You block the six-headed hydra's attack.
The six-headed hydra barely misses you.
You slice one of the six-headed hydra's heads off!
The flame cauterises the wound!
You slash the five-headed hydra! You burn the five-headed hydra.
You kick the five-headed hydra!
The five-headed hydra is heavily wounded.
The five-headed hydra bites you!
You die...

▓)▓
▓.▓
▓[▓
▓[▓
▓.▓
▓.▓
▓'▓
▓5▓
▓@▓
▓D▓
▓J▓
▓z▓
▓Y▓
▓H▓
▓l▓
▓.▓
▓.▓


You could see a five-headed hydra, a slime creature, a manticore, a wyvern, an
ice beast, a wight and a friendly ufetubus.

Vanquished Creatures
  A troll (D)
  An ice beast (D)
  A jelly (D)
  An adder (D)
  A ball python (D)
  2 jackals (D)
  2 kobolds (D)
  A bat (D)
  A giant cockroach zombie (D)
  A rat (D)
12 creatures vanquished.

Vanquished Creatures (collateral kills)
  A crimson imp (D)
  An adder skeleton (D)
  A jackal (D)
  A leopard gecko skeleton (D)
4 creatures vanquished.

Grand Total: 16 creatures vanquished

Notes
Turn   | Place    | Note
-------+----------+-------------------------------------------
     0 | D        | McKennaii the Demonspawn Fighter began the quest for the
                  | Orb.
     0 | D        | Reached XP level 1. HP: 18/18 MP: 1/1
     5 | D        | Reached skill level 2 in Long Blades
    64 | D        | Noticed a crimson imp
    83 | D        | Gained mutation: A weak demonic guardian rushes to your
                  | aid. [demonic ancestry]
    83 | D        | Reached XP level 2. HP: 19/25 MP: 2/2
   102 | D        | Killed a crimson imp
   102 | D        | Reached skill level 3 in Long Blades
   102 | D        | Reached skill level 1 in Dodging
   102 | D        | Gained mutation: You have large cloven feet. [demonic
                  | ancestry]
   102 | D        | Reached XP level 3. HP: 22/31 MP: 3/3
   191 | D        | Found a roughly hewn altar of Beogh.
   191 | D        | Found a snail-covered altar of Cheibriados.
   191 | D        | Found a shadowy altar of Dithmenos.
   191 | D        | Found a white marble altar of Elyvilon.
   191 | D        | Found a blossoming altar of Fedhas.
   191 | D        | Found an opulent altar of Gozag.
   192 | D        | Found a hazy altar of Hepliaklqana.
   193 | D        | Found a viscous altar of Jiyva.
   194 | D        | Found an ancient bone altar of Kikubaaqudgha.
   195 | D        | Found a corrupted altar of Lugonu.
   196 | D        | Found a burning altar of Makhleb.
   197 | D        | Found a sparkling altar of Nemelex Xobeh.
   198 | D        | Found an iron altar of Okawaru.
   199 | D        | Found a stormy altar of Qazlal.
   200 | D        | Found a sacrificial altar of Ru.
   201 | D        | Found a shimmering blue altar of Sif Muna.
   202 | D        | Found a bloodstained altar of Trog.
   203 | D        | Found a hide-covered altar of Uskayaw.
   204 | D        | Became a worshipper of Makhleb the Destroyer
   205 | D        | Found a radiant altar of Vehumet.
   206 | D        | Found an ornate altar of the Wu Jian Council.
   207 | D        | Found a shimmering altar of Xom.
   208 | D        | Found a basalt altar of Yredelemnul.
   209 | D        | Found a glowing silver altar of Zin.
   210 | D        | Found a glowing golden altar of the Shining One.
   248 | D        | Noticed an ice beast
   248 | D        | Noticed a troll
   258 | D        | Killed an ice beast
   258 | D        | Reached * piety under Makhleb
   258 | D        | Reached skill level 5 in Fighting
   258 | D        | Reached skill level 5 in Long Blades
   258 | D        | Reached skill level 5 in Armour
   258 | D        | Reached skill level 5 in Shields
   258 | D        | Reached XP level 4. HP: 39/39 MP: 4/4
   258 | D        | Gained mutation: You have hoof-like feet. [demonic
                  | ancestry]
   258 | D        | Reached XP level 5. HP: 44/44 MP: 5/5
   317 | D        | Killed a troll
   317 | D        | Reached skill level 7 in Long Blades
   317 | D        | Reached XP level 6. HP: 24/53 MP: 6/6
   324 | D        | Reached ** piety under Makhleb
   536 | D        | Noticed an eight-headed hydra
   536 | D        | Noticed a slime creature
   536 | D        | Noticed an ice beast
   536 | D        | Noticed a manticore
   536 | D        | Noticed a wyvern
   544 | D        | Slain by a five-headed hydra

Levels and vault maps discovered:
D:        linesprint [early_d, line_temple, items_1, d_10, items_2, lair_1,
          lair_end, items_3, orc_1, orc_end, items_4, d_15, swamp_1, shoals_1,
          snake_1, spider_1, d_20, vaults_1, items_5, swamp_end, shoals_end,
          snake_end, spider_end, vaults_end, d_27, items_6, zot_1, zot_end,
          crypt_end, forest_end, elf_end, slime_end, tomb_end, abyss_end,
          pan_hell_end]

Skill      XL: |  1  2  3  4  5 |
---------------+----------------+-----
Long Blades    | 2 3 5 7 |  7.2
Armour         | 3 5 6 |  6.7
Shields        | 3 5 6 |  6.2
Fighting       | 4 5 6 |  6.4
Dodging        | 1 2 |  2.9
Evocations     | |  0.4

Action                   |  1- 3 |  4- 6 || total
-------------------------+-------+-------++-------
Melee: Long sword        |    36 |       ||    36
       Scimitar          |     8 |     5 ||    13
       Kick              |     4 |     2 ||     6
Evoke: Wand              |       |     1 ||     1
  Use: Potion            |     1 |     1 ||     2
Armor: Scale mail        |    28 |     3 ||    31
Dodge: Dodged            |    18 |     6 ||    24
Block: Shield            |    12 |     6 ||    18
       Rpst.: Long sword |     5 |       ||     5
